 Dungeon Crawl Stone Soup version 0.28-a0-519-gbfeecf2fc5 (webtiles) character file.

Game seed: 9968254810152056275

5436 siradein the Thrower (level 10, -1/100 HPs)
             Began as a Troll Hunter on Sept 23, 2021.
             Was an Initiate of Gozag.
             Slain by a two-headed ogre (12 damage)
             ... on level 8 of the Dungeon.
             The game lasted 00:16:48 (7885 turns).

siradein the Thrower (Troll Hunter)                 Turns: 7885, Time: 00:16:49

Health: -1/100     AC:  6    Str: 22    XL:     10   Next: 41%
Magic:  9/9        EV: 17    Int:  7    God:    Gozag
Gold:   216        SH:  0    Dex: 19    Spells: 9/9 levels left

rFire   . . .      SeeInvis .     - Unarmed
rCold   . . .      Faith    .   (no shield)
rNeg    . . .      Spirit   .   q - +2 robe {Will+}
rPois   .          Reflect  .   (helmet restricted)
rElec   .          Harm     .   (no cloak)
rCorr   .          Rampage  .   (gloves unavailable)
Will    +....                   (boots unavailable)
Stlth   ++........              (no amulet)
HPRegen 1.26/turn               t - +4 ring of evasion
MPRegen 0.11/turn               v - +6 ring of dexterity

@: no status effects
A: large, unfitting armour, claws 3, regeneration 1, shaggy fur 1, tough skin 1
a: Renounce Religion, Potion Petition, Call Merchant, Bribe Branch


You were on level 8 of the Dungeon.
You worshipped Gozag.
Gozag was aware of your devotion.
You visited 2 branches of the dungeon, and saw 9 of its levels.

You collected 1048 gold pieces.
You spent 70 gold pieces at shops.
You paid 762 gold pieces to Gozag.

Inventory:

Missiles
 c - 5 large rocks
 d - 5 throwing nets
 w - 28 poisoned darts (quivered)
Armour
 q - a +2 robe of willpower (worn)
 A - the +1 robe of the Grey Skies {rPois}
   (You found it on level 8 of the Dungeon)

   rPois:     It protects you from poison.
Jewellery
 t - a +4 ring of evasion (left claw)
 v - a +6 ring of dexterity (right claw)
Wands
 z - a wand of paralysis (6)
Scrolls
 f - 5 scrolls of identify {unknown}
 g - a scroll of summoning {unknown}
 h - 2 scrolls of amnesia {unknown}
 j - 2 scrolls of magic mapping {unknown}
 k - a scroll of noise {unknown}
 l - a scroll of fog {unknown}
 o - 2 scrolls of enchant armour {unknown}
 p - 2 scrolls of teleportation {unknown}
 s - a scroll of brand weapon {unknown}
 u - a scroll of holy word {unknown}
 y - a scroll of blinking {unknown}
Potions
 a - 2 potions of flight
 b - a potion of heal wounds {unknown}
 e - a potion of lignification {unknown}
 i - a potion of cancellation
 m - a potion of magic {unknown}
 n - a potion of attraction {unknown}
 r - 5 potions of curing {unknown}
 x - a potion of brilliance {unknown}


   Skills:
 + Level 6.7 Fighting
 + Level 8.1 Throwing
 + Level 6.7 Dodging
 - Level 0.3 Stealth
 + Level 7.5 Unarmed Combat
 + Level 0.9 Evocations


You had 9 spell levels left.
You didn't know any spells.
Your spell library contained the following spells:

 Spells                   Type           Power      Damage    Failure   Level
 Blink                    Tloc           N/A        N/A       56%         2
 Lesser Beckoning         Tloc           0%         N/A       80%         3
 Iskenderun's Battlesphe  Conj           0%         2d6       100%        5
 Manifold Assault         Tloc           0%         N/A       100%        5
 Iron Shot                Conj/Erth      0%         9d1       100%        6
 Spellforged Servitor     Conj/Summ      0%         N/A       100%        7


Dungeon Overview and Level Annotations

Branches:
Dungeon (8/15)             Temple (1/1) D:5
   Lair: D:8-11

Altars:
Ashenzari
Cheibriados
Dithmenos
Elyvilon
Fedhas
Gozag
Hepliaklqana
Kikubaaqudgha
Makhleb
Nemelex Xobeh
Qazlal
Ru
Sif Muna
Trog
Uskayaw
Vehumet
Wu Jian
Xom
Yredelemnul
Zin
The Shining One

Shops:
D:3 [   D:4 [   D:8 *


Innate Abilities, Weirdness & Mutations

You are too large for most types of armour.
You have claws for hands.
Your natural rate of healing is unusually fast.
You are covered in fur. (AC +1)
You have tough skin. (AC +1)


Message History

A shadow imp is nearby!
A shadow imp is nearby!
A two-headed ogre comes into view.
It is wielding a +0 giant spiked club and a +0 giant club.
The shadow imp barely misses you.
You scratch the shadow imp but do no damage.
The shadow imp closely misses you.
You barely miss the two-headed ogre. The shadow imp completely misses you.
The two-headed ogre hits you with a +0 giant spiked club!!
The two-headed ogre closely misses you. The shadow imp gestures at you.
Pain shoots through your body!
You scratch the two-headed ogre.
The two-headed ogre is lightly wounded.
The two-headed ogre hits you with a +0 giant spiked club!!
The two-headed ogre hits you with a +0 giant club!!
You see here the +1 robe of the Grey Skies {rPois}.
A - the +1 robe of the Grey Skies {rPois}
Found 15 stones.
The shadow imp sputters.
You see here 15 stones.
Found 13 gold pieces and a scroll labelled QOR GUSAD PIM.
The two-headed ogre misses you.
The two-headed ogre hits you with a +0 giant club!
You see here 13 gold pieces.
You completely miss the two-headed ogre.
You barely miss the two-headed ogre.
The two-headed ogre hits you with a +0 giant spiked club!
The two-headed ogre hits you with a +0 giant club!!
You see here a scroll labelled QOR GUSAD PIM.
The shadow imp laughs crazily.
The two-headed ogre barely misses you.
The two-headed ogre hits you with a +0 giant club!
The shadow imp gestures at you.
You easily resist.
The shadow imp closely misses you.
The two-headed ogre hits you with a +0 giant spiked club!!
* * * LOW HITPOINT WARNING * * *
The two-headed ogre hits you with a +0 giant club!
You die...
Your body crumbles into a pile of gold.

...........#
#...##
###...##
..........##
#...#
##......##
.........##
#...#
##........#
........##
##...#
#..........
.......##
#...###
#.........#
.....###
#.....#
#..........
...###
#.....##
#..........
.###
#......##
##.........
## #...@...#
#.........
#...O5..##
##........
#..#$....#
##.######
#..#.....#
#..#
##.###....#
##)## #..#
##.?##
#.)#######
#(.# ####
##........#
#..#
#..........
#..#
##..........


You could see a two-headed ogre and a shadow imp.

Vanquished Creatures
  Grinder (D:4)
  6 yaks
  2 water moccasins (D:7)
  Duvessa (D:4)
  4 orc warriors
  An ice beast (D:6)
  2 black bears (D:6)
  2 sky beasts
  4 ogres (D:7)
  2 necrophages (D:6)
  3 centaurs
  3 kobold brigands (D:7)
  3 bullfrogs
  2 gnoll sergeants
  A wyvern zombie (D:6)
  A scorpion (D:4)
  A water moccasin zombie (D:6)
  Dowan (D:4)
  7 wights
  A howler monkey (D:4)
  A bullfrog zombie (D:6)
  6 crimson imps (D:8)
  6 hounds
  4 gnoll shamans
  6 orc priests
  A centaur skeleton (D:4)
  Jessica (D:3)
  7 iguanas
  2 orc wizards
  A hound zombie (D:4)
  Robin (D:4)
  23 gnolls
  A howler monkey skeleton (D:4)
  6 adders
  3 shadow imps
  3 white imps
  A worm (D:3)
  2 dart slugs (D:1)
  14 orcs
  2 bats
  5 endoplasms
  6 giant cockroaches
  19 goblins
  8 hobgoblins
  4 jackals (D:2)
  14 kobolds
  4 quokkas
  12 ball pythons
  4 rats
215 creatures vanquished.

Vanquished Creatures (others)
  4 fungi (D:7)
  2 plants (D:7)
6 creatures vanquished.

Grand Total: 221 creatures vanquished

Notes
Turn   | Place    | Note
-------+----------+-------------------------------------------
     0 | D:1      | siradein the Troll Hunter began the quest for the Orb.
     0 | D:1      | Reached XP level 1. HP: 19/19 MP: 0/0
   115 | D:1      | Reached XP level 2. HP: 20/28 MP: 1/1
   551 | D:1      | Found a faded altar of an unknown god.
   949 | D:2      | You fall into a shaft and drop 1 floor!
   964 | D:3      | Reached skill level 4 in Throwing
   964 | D:3      | Reached XP level 3. HP: 23/35 MP: 2/2
  1164 | D:3      | Found Hokatir's Antique Armour Shoppe.
  1251 | D:3      | Noticed Jessica
  1255 | D:3      | Killed Jessica
  1256 | D:3      | Reached skill level 1 in Unarmed Combat
  1256 | D:3      | Reached XP level 4. HP: 42/44 MP: 3/3
  2335 | D:4      | Noticed a yak
  2335 | D:4      | Noticed a yak
  2335 | D:4      | Noticed a yak
  2336 | D:4      | Noticed a yak
  2336 | D:4      | Noticed a yak
  2337 | D:4      | Noticed a yak
  2368 | D:3      | HP: 2/44 [yak (9)]
  2413 | D:2      | Killed a yak
  2414 | D:2      | Reached XP level 5. HP: 25/52 MP: 4/4
  2414 | D:2      | Reached XP level 6. HP: 29/59 MP: 5/5
  2553 | D:3      | Killed a yak
  2626 | D:3      | Killed a yak
  2627 | D:3      | Reached skill level 5 in Throwing
  2627 | D:3      | Reached XP level 7. HP: 45/67 MP: 6/6
  2679 | D:3      | Killed a yak
  2769 | D:3      | Killed a yak
  2976 | D:4      | Killed a yak
  2977 | D:4      | Reached XP level 8. HP: 53/78 MP: 7/7
  3038 | D:4      | Found Wozoilal's Armour Shop.
  3055 | D:4      | Noticed Grinder
  3073 | D:4      | Killed Grinder
  3093 | D:4      | Noticed Robin
  3108 | D:4      | Killed Robin
  3133 | D:4      | HP: 2/79 [goblin/stone[Robin] (4)]
  3233 | D:4      | Reached skill level 6 in Throwing
  3413 | D:4      | Reached skill level 5 in Unarmed Combat
  3727 | D:4      | Noticed Dowan
  3729 | D:4      | Noticed Duvessa
  3730 | D:4      | Killed Dowan
  3746 | D:4      | Killed Duvessa
  3747 | D:4      | Reached skill level 5 in Fighting
  3747 | D:4      | Reached skill level 5 in Dodging
  3872 | D:3      | Bought a glowing robe for 70 gold pieces
  4142 | D:5      | Entered Level 5 of the Dungeon
  4274 | D:5      | Found a staircase to the Ecumenical Temple.
  4295 | Temple   | Entered the Ecumenical Temple
  4508 | Temple   | Became a worshipper of Gozag Ym Sagoz the Greedy
  4622 | D:5      | Reached XP level 9. HP: 81/88 MP: 8/8
  5616 | D:6      | Reached skill level 7 in Throwing
  6742 | D:7      | Reached XP level 10. HP: 97/98 MP: 9/9
  7429 | D:8      | Reached skill level 8 in Throwing
  7831 | D:8      | Noticed a two-headed ogre
  7857 | D:8      | Identified the +1 robe of the Grey Skies {rPois}
  7885 | D:8      | Slain by a two-headed ogre

Illustrated notes

Levels and vault maps discovered:
D:1:      minmay_arrival_doors, layout_loops_corners, basic_ecumenical_altar
D:2:      layout_loops_cross
D:3:      minmay_angry_zag, layout_basic, serial_shops, shop,
          grunt_ministairs_12, palyth_stone_intersect, uniq_jessica
D:4:      layout_gridville, serial_shops, nicolae_shop_trees,
          minmay_divided_ellipse, uniq_duvessa, uniq_grinder, uniq_robin
D:5:      layout_basic, minmay_temple_entry_proselytizer
D:6:      layout_loops_cross
D:7:      kennysheep_seaside_town, layout_loops_cross,
          amcnicky_mini_rare_corridor_liquid
D:8:      layout_cave_pods, minmay_nine_imps
Temple:   compressed_dpeg_triangle_lava_temple

Skill      XL: |  1  2  3  4  5  6  7  8  9 10 |
---------------+-------------------------------+-----
Dodging        | 2 3 4 5 6 |  6.7
Fighting       | 2 3 4 5 6 |  6.7
Throwing       | 4 5 6 7 8 |  8.1
Unarmed Combat | 1 2 3 4 5 6 7 |  7.5
Stealth        | |  0.3
Evocations     | |  0.9

Action                   |  1- 3 |  4- 6 |  7- 9 | 10-12 || total
-------------------------+-------+-------+-------+-------++-------
Melee: Unarmed           |    90 |   130 |   416 |   163 ||   799
       Punch             |       |     2 |    17 |     8 ||    27
Invok: Call Merchant     |       |       |       |     1 ||     1
  Use: Potion            |       |       |     5 |       ||     5
 Stab: Invisible         |       |       |     1 |       ||     1
       Sleeping          |       |       |     2 |       ||     2
       Distracted        |       |       |       |     1 ||     1
Armor: Robe              |    28 |    38 |    97 |    27 ||   190
Dodge: Dodged            |    37 |    63 |   276 |   105 ||   481

Table legend: (Time is in decaauts)
 A = Elapsed time spent in this place.
 B = Non-inter-level travel time spent in this place.
 C = Inter-level travel time spent in this place.
 D = Time resting spent in this place.
 E = Time spent auto-exploring this place.
 F = Levels seen in this place.
 G = Mean time per level.
                   A        B        C        D        E       F      G
               +--------+--------+--------+--------+--------+-----+--------+
         Total |   7843 |   7450 |    393 |    210 |   5196 |   9 |  871.4 |
       Dungeon |   7621 |   7228 |    393 |    210 |   5018 |   8 |  952.6 |
        Temple |    221 |    221 |      0 |      0 |    178 |   1 |  221.0 |
               +--------+--------+--------+--------+--------+-----+--------+

Top non-repeatable levels by time:
     D:4: 1363 daAuts
     D:7: 1227 daAuts
     D:3: 1193 daAuts
     D:5: 920 daAuts
     D:1: 891 daAuts
     D:6: 815 daAuts
     D:2: 737 daAuts
     D:8: 473 daAuts
  Temple: 221 daAuts
